 Dungeon Crawl Stone Soup version 0.21.0 (webtiles) character file.

18 Esekla the Ducker (level 2, -1/14 HPs)
             Began as a Spriggan Arcane Marksman on Jan 7, 2018.
             Slain by a gnoll
             ... wielding a +0 flail
              (8 damage)
             ... on level 1 of the Dungeon.
             The game lasted 00:07:01 (692 turns).

Esekla the Ducker (Spriggan Arcane Marksman)         Turns: 692, Time: 00:07:01

Health: -1/14      AC:  9    Str:  6    XL:     2   Next: 48%
Magic:  5/5        EV: 19    Int: 14    God:
Gold:   56         SH:  0    Dex: 16    Spells: 2/3 levels left

rFire    . . .     SeeInvis +   k - +0 short sword (protect)
rCold    . . .     Gourm    .   (shield restricted)
rNeg     . . .     Faith    .   a - +0 robe
rPois    .         Spirit   .   (helmet restricted)
rElec    .         Reflect  .   (no cloak)
rCorr    .         Harm     .   (gloves unavailable)
MR       .....                  (boots unavailable)
Stlth    ++........             (no amulet)
HPRegen  0.04/turn              (no ring)
MPRegen  0.09/turn              (no ring)

@: protection aura, very quick
A: very small, unfitting armour, see invisible, herbivore, speed 3, slow
metabolism 2
a: no special abilities


You were on level 1 of the Dungeon.
You were not hungry.

You visited 1 branch of the dungeon, and saw 2 of its levels.

You collected 56 gold pieces.

Inventory:

Hand Weapons
 k - a +0 short sword of protection (weapon)
Missiles
 c - 8 tomahawks (quivered)
 d - 2 throwing nets
 e - 30 sling bullets
 g - 45 stones
Armour
 a - a +0 robe (worn)
Scrolls
 h - a scroll of fear {unknown}
 i - a scroll of magic mapping {unknown}
 j - a scroll of enchant armour {unknown}
Books
 b - a book of Debilitation

   Spells                             Type                      Level
   a - Corona                         Hexes                        1
   b - Slow                           Hexes                        2
   c - Inner Flame                    Hexes/Fire                   3
   d - Portal Projectile              Hexes/Translocation          3
   e - Cause Fear                     Hexes                        4
   f - Leda's Liquefaction            Hexes/Earth                  4
Comestibles
 f - 3 rations


   Skills:
 + Level 1.0 Fighting
 * Level 0.3 Short Blades
 - Level 2.0 Throwing
 + Level 4.1 Dodging
 + Level 1.3 Stealth
 - Level 1.3 Spellcasting
 - Level 3.6 Hexes


You had 2 spell levels left.
You knew the following spells:

 Your Spells              Type           Power        Failure   Level  Hunger
a - Corona                Hex            ##.....      6%          1    ##.....


Dungeon Overview and Level Annotations

Branches:
Dungeon (2/15)

Altars:

Annotations:
D:2 Sigmund


Innate Abilities, Weirdness & Mutations

You are very small and have problems with some larger weapons.
You are too small for most types of armour.
You have supernaturally acute eyesight. (SInv)
You are a herbivore.
You cover ground extremely quickly.
You need consume almost no food.


Message History

You hit the gnoll but do no damage.
The gnoll is moderately wounded.
The gnoll hits you but does no damage.
You hit the gnoll but do no damage.
The gnoll is moderately wounded.
The gnoll completely misses you.
You barely miss the gnoll.
The gnoll is moderately wounded.
The gnoll completely misses you.
You hit the gnoll.
The gnoll is heavily wounded.
The gnoll barely misses you.
You hit the gnoll.
The gnoll is severely wounded.
The gnoll closely misses you.
You completely miss the gnoll.
The gnoll is severely wounded.
The gnoll hits you with a flail!
Ouch! That really hurt!
You die...

######## #.....)####
#.####.##.# #####
#.####.##.##......
#######.........@g......
.............##.##..(...
....###..######.# .....
.##.# ##.# #......#.#
.##.# .# ....#### #
.##.### .# ##.#.#
......# .. ....# ......#
.. ....# .##.#.# ... ..#
#


You could see a gnoll.

Vanquished Creatures
  2 dart slugs (D:1)
  3 bats (D:1)
  2 goblins (D:1)
  A hobgoblin (D:1)
  A jackal (D:1)
  2 frilled lizards (D:1)
  2 kobolds (D:1)
  2 rats
15 creatures vanquished.

Notes
Turn   | Place    | Note
-------+----------+-------------------------------------------
     0 | D:1      | Esekla the Spriggan Arcane Marksman began the quest for the Orb.
     0 | D:1      | Reached XP level 1. HP: 9/9 MP: 3/3
   123 | D:2      | Noticed Sigmund
   308 | D:1      | Reached skill level 1 in Stealth
   308 | D:1      | Reached XP level 2. HP: 13/14 MP: 5/5
   576 | D:1      | Reached skill level 4 in Dodging
   587 | D:1      | Reached skill level 1 in Fighting
   692 | D:1      | Slain by a gnoll

Skill      XL: |  1  2 |
---------------+-------+-----
Stealth        | 1 |  1.3
Dodging        | 4 |  4.1
Fighting       | 1 |  1.0
Short Blades   | |  0.3
Throwing       | |  2.0
Spellcasting   | |  1.3
Hexes          | |  3.6

Action                   || total
-------------------------++-------
Melee: Spear             ||    34
       Short sword       ||    19
Throw: Stone             ||     3
       Tomahawk          ||     2
 Stab: Sleeping          ||     1
Armor: Robe              ||     5
Dodge: Dodged            ||    47
